 Dungeon Crawl Stone Soup version 0.30.1-3-gfc49f6343a (webtiles) character file.

Game seed: 4338368387477314518

107 shmup the Grave Robber (level 4, -1/24 HPs)
             Began as a Tengu Necromancer on Aug 1, 2023.
             Slain by a cerulean imp
             ... wielding a +0 spear
             ... summoned by Natasha
              (4 damage)
             ... on level 3 of the Dungeon.
             The game lasted 00:07:34 (2421 turns).

shmup the Grave Robber (Tengu Necromancer)          Turns: 2421, Time: 00:07:35

Health: -1/24      AC:  2    Str:  9    XL:     4   Next: 86%
Magic:  5/10       EV: 13    Int: 17    God:
Gold:   76         SH:  0    Dex: 20    Spells: 1/9 levels left

rFire   . . .        g - +0 short sword
rCold   . . .        (no shield)
rNeg    . . .        a - +0 robe
rPois   .            (helmet restricted)
rElec   .            (no cloak)
rCorr   .            (no gloves)
SInv    .            (boots unavailable)
Will    .....        s - amulet of the acrobat
Stlth   ++           o - +6 ring of dexterity
HPRegen 0.24/turn    (no ring)
MPRegen 0.12/turn

%: acrobat
@: lethally poisoned (-1 -> -3), flying
A: beak, talons 3
a: no special abilities


You were on level 3 of the Dungeon.
You visited 1 branch of the dungeon, and saw 3 of its levels.

You collected 76 gold pieces.

Inventory:

Hand Weapons
 f - a +0 club
 g - a +0 short sword (weapon)
 n - a +0 spear
Missiles
 c - 22 stones (quivered)
Armour
 a - a +0 robe (worn)
Jewellery
 o - a +6 ring of dexterity (left hand)
 s - an amulet of the acrobat (around neck)
Scrolls
 d - 2 scrolls of identify {unknown}
 h - a scroll of noise {unknown}
 i - a scroll of immolation {unknown}
 l - a scroll of vulnerability {unknown}
 q - a scroll of poison {unknown}
 r - a scroll of magic mapping {unknown}
Potions
 b - a potion of magic
 e - a potion of resistance {unknown}
 j - a potion of flight
 k - 2 potions of brilliance {unknown}
 m - a potion of curing {unknown}
 p - a potion of might {unknown}
 t - a potion of degeneration {unknown}
 u - a potion of invisibility {unknown}
 v - a potion of attraction {unknown}


   Skills:
 - Level 2.1 Dodging
 - Level 2.0 Stealth
 + Level 3.3 Spellcasting
 * Level 5.7 Necromancy


You had one spell level left.
You knew the following spells:

 Your Spells              Type           Power      Damage    Failure   Level
a - Necrotise             Necr           88%        1d8       1%          1
b - Vampiric Draining     Necr           22%        2d7       4%          3
c - Animate Dead          Necr           22%        N/A       16%         4

Your spell library contained the following spells:

 Spells                   Type           Power      Damage    Failure   Level
 Lesser Beckoning         Tloc           4%         N/A       26%         2
 Agony                    Necr           22%        N/A       41%         5
 Gell's Gravitas          Tloc           2%         N/A       45%         3
 Teleport Other           Tloc           2%         N/A       45%         3


Dungeon Overview and Level Annotations

Branches:
Dungeon (3/15) Zot: 15573

Altars:
Fedhas
Ru

Annotations:
D:3 Natasha


Innate Abilities, Weirdness & Mutations

You have a beak for a mouth.
You have claws for feet.


Message History

The adder barely resists.
The adder closely misses you.
Natasha mumbles some strange words.
The adder closely misses you.
Casting: Necrotise (safe; 1% risk of failure)
Confirm with . or Enter, or press ? or * to list all spells.
Aiming: Necrotise (safe; 1% risk of failure)
Press: ? - help, Shift-Dir - straight line, f/p - adder
Aim: an adder (heavily wounded, ally target, chance to affect: 86%)
The adder writhes in agony.
Natasha wildly gestures.
Natasha glows brightly for a moment.
The adder bites you.
* * * LOW HITPOINT WARNING * * *
You are poisoned.
The adder poisons you!
The cerulean imp hits you from afar with a +0 spear.
* * * LOW HITPOINT WARNING * * *
Casting: Necrotise (safe; 1% risk of failure)
Confirm with . or Enter, or press ? or * to list all spells.
Okay, then.
Casting: Necrotise (safe; 1% risk of failure)
Confirm with . or Enter, or press ? or * to list all spells.
Aiming: Necrotise (safe; 1% risk of failure)
Press: ? - help, Shift-Dir - straight line, f/p - adder
Aim: an adder (almost dead, ally target, chance to affect: 86%)
The adder writhes in agony.
You kill the adder!
The dead are slithering!
You feel sick. Natasha casts a spell at you. The magic dart hits you.
* * * LOW HITPOINT WARNING * * *
Your rat skeleton closely misses the cerulean imp.
The cerulean imp misses you.
It was a potion of flight.
You feel very buoyant.
You fly up into the air.
You feel sick.
Your rat skeleton is no longer moving slowly.
Your adder skeleton closely misses the cerulean imp.
The cerulean imp hits you from afar with a +0 spear.
You die...

.▒... ▒▒▒▒▒▒▒▒▒ ▒.▒.▒▒ ▒.......▒
▒.▒.)▒
▒▒▒▒▒▒▒.......▒▒▒▒▒▒▒▒▒▒▒▒▒.▒▒.▒
............$.▒▒..Z.......▒.▒..▒
..............▒▒.▒▒▒▒▒▒▒▒.▒.▒▒.▒
.?............▒▒.▒ ▒▒▒▒'▒.▒▒.▒
...$......[..5▒▒.▒▒▒▒▒......▒▒<▒
...........Z.5hQ....▒▒......▒▒▒▒
▒.......▒▒..[Z▒▒▒.▒▒.▒▒..........
▒....... ▒▒▒▒▒▒ ▒.▒ ▒▒▒▒▒+▒...▒▒
........ ▒.▒▒.▒▒▒▒▒.▒.▒.▒
.......P ..........^..>.▒
........ ▒..............▒▒
...$..._ .... ▒▒▒▒.......
........ ▒▒▒ ▒▒▒ ▒.....▒▒ ▒▒▒▒
..▒ ▒~~~....


You could see Natasha, 2 cerulean imps, a friendly adder skeleton and a friendly
rat skeleton.

Vanquished Creatures
  Natasha (D:3)
  A gnoll (D:1)
  2 adders
  A worm (D:2)
  2 dart slugs
  A bat (D:1)
  3 endoplasms (D:1)
  2 giant cockroaches (D:1)
  3 goblins (D:1)
  3 hobgoblins
  8 kobolds
  2 ball pythons
  5 frilled lizards
  10 rats
44 creatures vanquished.

Vanquished Creatures (collateral kills)
  A ball python (D:1)
  4 endoplasms
  A quokka (D:1)
6 creatures vanquished.

Grand Total: 50 creatures vanquished

Notes
Turn   | Place    | Note
-------+----------+-------------------------------------------
     0 | D:1      | shmup the Tengu Necromancer began the quest for the Orb.
     0 | D:1      | Reached XP level 1. HP: 10/10 MP: 4/4
   226 | D:1      | Reached XP level 2. HP: 15/15 MP: 1/6
   539 | D:1      | Reached XP level 3. HP: 19/19 MP: 4/7
   689 | D:1      | Reached skill level 5 in Necromancy
   845 | D:1      | Learned a level 3 spell: Vampiric Draining
  1534 | D:2      | Found a blossoming altar of Fedhas.
  1543 | D:2      | Reached XP level 4. HP: 24/24 MP: 5/9
  2107 | D:2      | Learned a level 4 spell: Animate Dead
  2225 | D:3      | Noticed Natasha
  2283 | D:3      | Found a faded altar of an unknown god.
  2305 | D:3      | Killed Natasha
  2405 | D:3      | Noticed Natasha
  2407 | D:3      | Found a sacrificial altar of Ru.
  2421 | D:3      | Slain by a cerulean imp

Illustrated notes

Levels and vault maps discovered:
D:1:      dpeg_arrival_stone_temple_mockup, layout_basic
D:2:      layout_basic, basic_altar
D:3:      layout_basic, nemelex_spade_bored_becter,
          mainiacjoe_overflow_tiny_flanked, chequers_ecumenical_altar_island,
          corexii_corridor_pit, uniq_natasha

Skill      XL: |  1  2  3 |
---------------+----------+-----
Necromancy     | 5 |  5.7
Spellcasting   | 3 |  3.3
Dodging        | |  2.1
Stealth        | |  2.0

Action                     |  1- 3 |  4- 6 || total
---------------------------+-------+-------++-------
  Melee: Unarmed           |     1 |       ||     1
         Club              |     5 |       ||     5
         Kick              |     4 |       ||     4
         Peck              |     1 |       ||     1
   Cast: Necrotise         |    52 |    25 ||    77
         Vampiric Draining |     2 |       ||     2
    Use: Potion            |       |     1 ||     1
 Armour: Robe              |     4 |       ||     4
  Dodge: Dodged            |     7 |    10 ||    17
